 Dungeon Crawl Stone Soup version 0.23-a0-208-gb6b040f (webtiles) character file.

87 MisterFreud the Sneak (level 4, -2/36 HPs)
             Began as a Naga Fire Elementalist on Sept 25, 2018.
             Slain by Grinder (3 damage)
             ... on level 3 of the Dungeon.
             The game lasted 00:07:52 (2047 turns).

MisterFreud the Sneak (Naga Fire Elementalist)      Turns: 2047, Time: 00:07:53

Health: -2/36      AC:  3    Str: 11    XL:     4   Next: 51%
Magic:  6/7        EV: 10    Int: 21    God:
Gold:   119        SH:  0    Dex: 11    Spells: 6/7 levels left

rFire    . . .     SeeInvis +   n - +1 whip
rCold    . . .     Gourm    .   (no shield)
rNeg     . . .     Faith    +   a - +0 robe
rPois    +         Spirit   .   (no helmet)
rElec    .         Reflect  .   i - +0 cloak
rCorr    .         Harm     .   (no gloves)
MR       .....                  (no barding)
Stlth    ++........             j - amulet of faith
HPRegen  0.12/turn              (no ring)
MPRegen  0.10/turn              (no ring)

@: brilliant, very slow
A: large, see invisible, deformed body, poison resistance, slowness 2, slow
metabolism 1, spit poison 1, AC +1
a: Spit Poison


You were on level 3 of the Dungeon.
You were not hungry.

You visited 1 branch of the dungeon, and saw 3 of its levels.

You collected 119 gold pieces.

Inventory:

Hand Weapons
 n - a +1 whip (weapon)
Missiles
 k - 52 stones (quivered)
 p - 3 javelins
Armour
 a - a +0 robe (worn)
 d - a +0 buckler
 i - a +0 cloak (worn)
Jewellery
 j - an amulet of faith (around neck)
Scrolls
 b - a scroll of remove curse
 f - a scroll of enchant weapon
 g - a scroll of identify
Potions
 e - a potion of curing
Comestibles
 c - 4 rations


   Skills:
 - Level 1.5 Dodging
 - Level 3.0 Stealth
 + Level 2.1 Shields
 - Level 2.0 Spellcasting
 - Level 3.0 Conjurations
 - Level 3.0 Fire Magic


You had 6 spell levels left.
You knew the following spells:

 Your Spells              Type           Power        Failure   Level  Hunger
a - Flame Tongue          Conj/Fire      ####.        1%          1    #......

Your spell library contained the following spells:

 Spells                   Type           Power        Failure   Level  Hunger
 Throw Flame              Conj/Fire      ####..       1%          2    ##.....
 Conjure Flame            Conj/Fire      ####....     1%          3    ###....
 Inner Flame              Hex/Fire       ###.....     3%          3    ###....
 Sticky Flame             Conj/Fire      ####....     4%          4    #####..
 Fireball                 Conj/Fire      ####......   13%         5    ######.


Dungeon Overview and Level Annotations

Branches:
Dungeon (3/15)

Altars:
Makhleb
Yredelemnul

Annotations:
D:3 Grinder


Innate Abilities, Weirdness & Mutations

You cannot wear boots.
Your serpentine skin is tough. (AC +1)
You have supernaturally acute eyesight. (SInv)
Armour fits poorly on your strangely shaped body.
Your system is resistant to poisons. (rPois)
You cover ground very slowly.
You have a slow metabolism.
You can spit poison.


Message History

As you read the scroll labeled LYHO LIUQIMUMI, it crumbles to dust.
You feel aware of your surroundings.
You sensed 10 altars.
It was a scroll of magic mapping.
Grinder closely misses you.
As you read the scroll labeled TIAQYI TAUBIGY, it crumbles to dust.
You hear a loud clanging noise!
It was a scroll of noise.
You hear a bark! x2
Grinder hits you!
You writhe in agony.
Okay, then.
It was a potion of brilliance.
You feel clever all of a sudden.
Grinder blinks!
Your magical contamination has completely faded away.
Grinder hits you!
* * * LOW HITPOINT WARNING * * *
You writhe in agony.
* * * LOW HITPOINT WARNING * * *
Found a stone staircase leading down.
Grinder hits you.
You die...

*,***********.#.####.####.######
**,*,,,,,,,###,#.####......#.....
,,,,,,,,,,,,..,#.##...####.#.####
,*,*,,,,,,,**..#.##.#.# #.#.# #
,*,*,,,,,,,**,.#.##.#ยง#* #.#.# #
,*,*,,,,,,,**,,..##.#5.# #.#.####
,*,*,,,,,..###,#.##.#..# #.......
,*,*,,,,,......#.##.#..###.#.####
,*,****,,.......@5...........####
,,,,,,,,,....>...................
,,,,,,,,,....................####
,,,****,*####....................
,*** *,* #......##..##..#...##
,******,* #......##..##..#...#
,,,,,,*,* #......##..##..#..###
,,,,,,*,** #.###.###..##..).....
,,,,,,,,,* *,,..................


You could see Grinder.

Vanquished Creatures
  An adder (D:2)
  4 worms (D:2)
  2 dart slugs
  A leopard gecko (D:1)
  14 bats
  2 giant cockroaches
  6 goblins
  5 hobgoblins
  9 jackals
  5 frilled lizards
  2 kobolds (D:2)
  6 rats
57 creatures vanquished.

Notes
Turn   | Place    | Note
-------+----------+-------------------------------------------
     0 | D:1      | MisterFreud the Naga Fire Elementalist began the quest for
                  | the Orb.
     0 | D:1      | Reached XP level 1. HP: 15/15 MP: 3/3
   319 | D:1      | Reached XP level 2. HP: 22/22 MP: 1/5
   772 | D:1      | Reached XP level 3. HP: 28/28 MP: 4/6
  1226 | D:2      | Reached skill level 1 in Shields
  1400 | D:2      | Reached XP level 4. HP: 33/36 MP: 1/7
  1801 | D:2      | Found a burning altar of Makhleb.
  1801 | D:2      | Found a basalt altar of Yredelemnul.
  2022 | D:3      | Noticed Grinder
  2044 | D:3      | HP: 1/36 [Grinder (2)]
  2047 | D:3      | Slain by Grinder

Vault maps used:
D:1:      dpeg_arrival_rooms_c
D:2:      gammafunk_temple_overflow_pools, minmay_pentomino_u2
D:3:      grunt_temple_overflow_order_and_chaos_1,
          nicolae_overflow_quartered_altars, first_ration, xom_redecorated,
          uniq_grinder

Skill      XL: |  1  2  3  4 |
---------------+-------------+-----
Conjurations   | 2 3 |  3.0
Shields        | 1 2 |  2.1
Dodging        | |  1.5
Stealth        | |  3.0
Spellcasting   | |  2.0
Fire Magic     | |  3.0

Action                   |  1- 3 |  4- 6 || total
-------------------------+-------+-------++-------
Melee: Unarmed           |    22 |     1 ||    23
 Cast: Flame Tongue      |    40 |    18 ||    58
 Abil: Spit Poison       |    34 |    12 ||    46
  Use: Scroll            |       |     6 ||     6
       Potion            |       |     1 ||     1
 Stab: Sleeping          |     2 |       ||     2
  Eat: Chunk             |     3 |     3 ||     6
Armor: Robe              |    27 |     1 ||    28
Dodge: Dodged            |    42 |     4 ||    46

Table legend:
 A = Non-vault XP
 B = Vault XP
 C = Vault XP percentage of total XP
 D = Non-vault monster count
 E = Vault monster count
 F = Vault count percentage of total count
                 A         B        C        D         E       F
            +---------+---------+-------+---------+---------+-------
      Total |     124 |       1 |   0.8 |      56 |       1 |   1.8
            +---------+---------+-------+---------+---------+-------
        D:1 |      51 |       0 |   0.0 |      28 |       0 |   0.0
        D:2 |      70 |       1 |   1.4 |      26 |       1 |   3.7
        D:3 |       3 |       0 |   0.0 |       2 |       0 |   0.0
            +---------+---------+-------+---------+---------+-------
